 Dungeon Crawl Stone Soup version 0.29.1-15-g9cfb28693d (webtiles) character file.

Game seed: 8143449273314621530

7004 Anriel the Basher (level 10, -1/81 HPs)
             Began as a Minotaur Gladiator on Feb 27, 2023.
             Was a High Priest of Okawaru.
             Succumbed to a kobold brigand's curare-tipped dart
             ... on level 8 of the Dungeon.
             The game lasted 00:48:27 (8287 turns).

Anriel the Basher (Minotaur Gladiator)              Turns: 8287, Time: 00:48:27

Health: -1/81      AC: 18    Str: 22    XL:     10   Next: 82%
Magic:  10/14      EV: 10    Int:  5    God:    Okawaru [*****.]
Gold:   408        SH:  0    Dex: 13    Spells: 9/9 levels left

rFire   . . .      SeeInvis +   x - +5 dire flail
rCold   . . .      Faith    .   (shield currently unavailable)
rNeg    . . .      Spirit   .   v - +0 chain mail
rPois   .          Reflect  .   c - +0 hat
rElec   .          Harm     .   i - +1 cloak
rCorr   .          Rampage  .   m - +1 pair of gloves
Will    .....                   q - +0 pair of boots
Stlth   ..........              (no amulet)
HPRegen 0.23/turn               o - ring of see invisible
MPRegen 0.14/turn               (no ring)

@: lethally poisoned (-1 -> -6), finesse-ful, slowed, unable to drink, very slow
A: horns 2, retaliatory headbutt, inability to drink after injury 1
a: Renounce Religion, Heroism, Finesse, Duel


You were on level 8 of the Dungeon.
You worshipped Okawaru.
Okawaru was extremely pleased with you.
You visited 2 branches of the dungeon, and saw 9 of its levels.
You also visited: Ossuary.

You collected 588 gold pieces.
You spent 180 gold pieces at shops.

Inventory:

Hand Weapons
 f - a +1 mace of protection
 x - a +5 dire flail (weapon)
Missiles
 d - 3 throwing nets
 e - a javelin
 h - 19 boomerangs (quivered)
 y - 23 poisoned darts
Armour
 c - a +0 hat (worn)
 i - a +1 cloak (worn)
 m - a +1 pair of gloves (worn)
 q - a +0 pair of boots (worn)
 t - a +2 leather armour of willpower
 v - a +0 chain mail (worn)
 E - +0 swamp dragon scales
 F - a scarf of harm
Jewellery
 o - a ring of see invisible (left hand)
 D - a ring of flight
Wands
 j - a wand of quicksilver (17)
 w - a wand of roots (26)
 B - a wand of flame (18)
Scrolls
 a - 4 scrolls of teleportation
 b - a scroll of magic mapping
 r - 4 scrolls of amnesia
 z - a scroll of enchant weapon
Potions
 g - 2 potions of lignification
 k - 2 potions of ambrosia {unknown}
 l - 3 potions of heal wounds {unknown}
 n - 2 potions of mutation
 p - 2 potions of cancellation {unknown}
 u - 2 potions of brilliance {unknown}
 A - a potion of magic {unknown}
 G - a potion of haste {unknown}


   Skills:
 - Level 5.2 Fighting
 + Level 11.4 Maces & Flails
 + Level 6.7 Throwing
 + Level 10.3 Armour
 - Level 5.0 Dodging
 - Level 7.1 Invocations


You had 9 spell levels left.
You didn't know any spells.
Your spell library contained the following spells:

 Spells                   Type           Power      Damage    Failure   Level
 Slow                     Hex            0%         N/A       97%         1
 Sting                    Tmut/Pois      0%         1d3       97%         1
 Poisonous Vapours        Pois/Air       0%         N/A       99%         2
 Scorch                   Fire           0%         2d5       99%         2
 Confusing Touch          Hex            0%         N/A       100%        3
 Vampiric Draining        Necr           0%         2d6       100%        3
 Flame Wave               Conj/Fire      0%         2d4       100%        4
 Olgreb's Toxic Radiance  Pois           0%         N/A       100%        4
 Summon Cactus Giant      Summ           Unusable   N/A       N/A         6

Dungeon Overview and Level Annotations

Branches:
Dungeon (8/15)             Temple (1/1) D:4         Ossuary (visited)
   Lair: D:8-11

Altars:
Ashenzari
Elyvilon
Hepliaklqana
Kikubaaqudgha
Makhleb
Nemelex Xobeh
Okawaru
Qazlal
Ru
Sif Muna
Uskayaw
Wu Jian
Xom
Yredelemnul
Zin

Shops:
D:4 [


Innate Abilities, Weirdness & Mutations

You have a pair of horns on your head.
You reflexively headbutt those who attack you in melee.
You occasionally lose the ability to drink potions when taking damage.


Message History

You sock the kobold brigand! You headbutt the kobold brigand!
The kobold brigand is severely wounded.
You feel sick.
You completely miss the kobold brigand.
The kobold brigand is severely wounded.
You feel sick.
The kobold brigand hits you but does no damage.
You bludgeon the kobold brigand!!
You kill the kobold brigand!
Okawaru accepts your kill.
You feel very sick.
The cyclops throws a large rock.
The large rock hits you!
You feel threatened and lose the ability to drink potions!
* * * LOW HITPOINT WARNING * * *
As you read the scroll of fear, it crumbles to dust.
You assume a fearsome visage.
The centaur warrior looks frightened!
The cyclops looks frightened!
* * * LOW HITPOINT WARNING * * *
You feel very sick.
A centaur warrior opens the door.
* * * LOW HITPOINT WARNING * * *
You feel very sick.
The centaur warrior looks petrified.
The centaur warrior pleads, "Please don't kill me!"
You cannot drink potions in your current state!
Okay, then.
Okay, then.
Okay, then.
You cannot drink potions in your current state!
* * * LOW HITPOINT WARNING * * *
You feel very sick.
There is an open door, spattered with blood here.
Things that are here:
a +0 club; a +0 scale mail You cannot drink potions in your current state!
Okay, then.
Okay, then.
Okay, then.
You feel like a meek peon again.
You die...

#....#...♣.# ##'##♣.♣.♣#....')
#....#♣♣♣♣.# #.C #.♣.♣.#....#.
#....#♣ ♣.♣# #.. #♣.♣.♣#.#####
#.....♣ ♣♣.# #(###♣♣[♣♣.......
#.....♣♣♣..# #'#.#.....†......
#....÷)..♣♣###)#.#♣♣.♣♣.......
#....#.♣♣♣♣ #..#.#♣.♣.♣#......
####....#..÷.♣ #..#.#.♣.♣.#......
........#..♣.♣##@##.#♣.♣.♣#.####+
........#...♣♣#.....#.♣.♣.#..
........#..♣♣ #.♣♣♣.#♣.♣.♣#..
......).#.♣.♣ #.....#.♣.♣.#...
........#♣..♣♣###.###♣♣.♣♣#
........#.♣.♣.#.....#.....#
........#♣)♣.♣#♣)..♣#)♣♣♣.#
........#.♣.♣.÷.♣.♣.).♣ ♣.#
####....#♣.♣.♣#♣...♣#.♣♣♣.#


You could see a cyclops (fleeing).

Vanquished Creatures
  A two-headed ogre (D:8)
  Pikel (D:5)
  An ugly thing (D:8)
  Maggie (D:8)
  A kobold demonologist (D:7)
  Sigmund (D:6)
  A wraith (D:8)
  2 wyverns (D:8)
  3 yaks (D:7)
  A steam dragon (D:8)
  Menkaure (D:5)
  An acid dragon (D:8)
  2 water moccasins (D:8)
  A black bear (D:4)
  3 orc warriors
  2 ice beasts
  2 ogres
  A centaur (D:6)
  A lemure (D:4)
  3 kobold brigands
  2 phantoms (D:5)
  A gnoll sergeant (D:6)
  2 bullfrogs (D:8)
  A necrophage (D:6)
  5 elf zombies (Ossuary)
  A scorpion (D:6)
  5 wights
  4 howler monkeys
  3 centaur zombies (Ossuary)
  6 hounds
  8 orc priests
  4 gnoll boudas
  2 iguanas
  Ijyb (D:5)
  3 orc wizards
  2 mummies (Ossuary)
  20 gnolls
  10 adders
  4 shadow imps
  2 white imps
  2 adder zombies (Ossuary)
  3 worms
  2 dart slugs (D:4)
  8 orcs
  2 endoplasms
  4 giant cockroaches
  10 goblins
  7 hobgoblins
  23 kobolds
  4 quokkas
  5 ball pythons
  3 bats
  8 hobgoblin zombies (Ossuary)
  A jackal zombie (Ossuary)
  10 kobold zombies (Ossuary)
  7 orc zombies (Ossuary)
  6 rats
  A rat zombie (Ossuary)
222 creatures vanquished.

Vanquished Creatures (others)
  A fungus (D:1)
  5 plants (D:6)
6 creatures vanquished.

Grand Total: 228 creatures vanquished

Notes
Turn   | Place    | Note
-------+----------+-------------------------------------------
     0 | D:1      | Anriel the Minotaur Gladiator began the quest for the Orb.
     0 | D:1      | Reached XP level 1. HP: 18/18 MP: 0/0
   241 | D:1      | Found a faded altar of an unknown god.
   316 | D:1      | Reached XP level 2. HP: 25/25 MP: 1/1
   525 | D:1      | Reached skill level 4 in Maces & Flails
   781 | D:2      | Reached XP level 3. HP: 31/31 MP: 2/2
  1464 | D:3      | Reached XP level 4. HP: 32/38 MP: 3/3
  2400 | D:4      | Found a staircase to the Ecumenical Temple.
  2430 | D:4      | Reached XP level 5. HP: 44/46 MP: 4/4
  2440 | Temple   | Entered the Ecumenical Temple
  2472 | Temple   | Became a worshipper of Warmaster Okawaru
  2510 | D:4      | Found Tivvexig's Antique Armour Shop.
  2577 | D:4      | Found a sand-covered staircase.
  2602 | Ossuary  | Entered an ossuary
  2816 | Ossuary  | Reached skill level 5 in Maces & Flails
  2850 | Ossuary  | Reached XP level 6. HP: 29/53 MP: 5/5
  2873 | Ossuary  | Reached * piety under Okawaru
  2874 | Ossuary  | Reached skill level 5 in Dodging
  2920 | Ossuary  | Reached skill level 5 in Fighting
  2920 | Ossuary  | Reached skill level 1 in Armour
  2920 | Ossuary  | Reached XP level 7. HP: 6/61 MP: 6/6
  3014 | Ossuary  | Reached skill level 6 in Maces & Flails
  3481 | D:4      | Reached skill level 1 in Invocations
  3742 | D:4      | Reached skill level 5 in Throwing
  3837 | D:4      | Bought an embroidered cloak for 180 gold pieces
  3867 | D:5      | Entered Level 5 of the Dungeon
  3911 | D:5      | Reached ** piety under Okawaru
  3912 | D:5      | Reached XP level 8. HP: 54/68 MP: 8/8
  3953 | D:5      | Noticed Pikel
  3980 | D:5      | Killed Pikel
  3981 | D:5      | Reached skill level 7 in Maces & Flails
  3981 | D:5      | Reached skill level 5 in Armour
  3983 | D:5      | Reached *** piety under Okawaru
  3992 | D:5      | Noticed Menkaure
  4294 | D:5      | Killed Menkaure
  4308 | D:5      | Noticed Ijyb
  4320 | D:5      | Killed Ijyb
  4321 | D:5      | Reached skill level 8 in Maces & Flails
  4323 | D:5      | Reached XP level 9. HP: 27/74 MP: 11/11
  4726 | D:6      | Noticed Sigmund
  4732 | D:6      | Killed Sigmund
  4733 | D:6      | Reached skill level 5 in Invocations
  5550 | D:6      | Reached skill level 9 in Maces & Flails
  5610 | D:6      | Reached **** piety under Okawaru
  6201 | D:7      | Found a transporter.
  6201 | D:7      | Noticed a kobold demonologist
  6254 | D:7      | Found a transporter.
  6278 | D:7      | Reached XP level 10. HP: 71/81 MP: 14/14
  6911 | D:7      | Noticed a soul eater
  6916 | D:7      | Noticed an orange demon
  6944 | D:7      | Gained mutation: You occasionally lose the ability to drink
                  | potions when taking damage. [a neqoxec]
  7203 | D:7      | Reached skill level 10 in Maces & Flails
  7700 | D:8      | Noticed a two-headed ogre
  7712 | D:8      | Killed a two-headed ogre
  7712 | D:8      | Reached ***** piety under Okawaru
  7855 | D:8      | Noticed Maggie
  7865 | D:8      | Killed Maggie
  7868 | D:8      | Reached skill level 11 in Maces & Flails
  8240 | D:8      | Noticed a red ugly thing
  8250 | D:8      | Killed a red ugly thing
  8250 | D:8      | Received a gift from Okawaru
  8251 | D:8      | Reached skill level 10 in Armour
  8269 | D:8      | Noticed a centaur warrior
  8269 | D:8      | Noticed a cyclops
  8286 | D:8      | HP: 1/81 [poisoned by a kobold brigand (curare-tipped
                  | dart)]
  8287 | D:8      | Succumbed to a kobold brigand's curare-tipped dart

Illustrated notes

Levels and vault maps discovered:
D:1:      lemuel_arrival_behind_the_door_small, layout_basic,
          shapermc_ecumenical_altar_hornbeckon
D:2:      layout_basic
D:3:      mumra_celtic_spiral_tile, layout_loops_corners
D:4:      layout_basic, minmay_temple_entry_slanted, serial_shops,
          shop_fountains, nicolae_ossuary_entry_false_entrances,
          minmay_misc_feat_iff, minmay_three_crescents
D:5:      layout_rooms, chequers_arboretum, dk_rats_in_the_wall, uniq_menkaure,
          uniq_pikel, uniq_ijyb
D:6:      kennysheep_housing_project, layout_basic, uniq_sigmund
D:7:      gammafunk_wand_slinger, layout_basic
D:8:      nzn_winding_woodlands_medium [nzn_winding_woodlands_5x5_perimeter,
          nzn_winding_woodlands_5x15_split_checker,
          nzn_winding_woodlands_5x5_closed_star,
          nzn_winding_woodlands_hourglass, nzn_winding_woodlands_center_lodge,
          nzn_winding_woodlands_5x5_open_star,
          nzn_winding_woodlands_5x5_checkerboard,
          nzn_winding_woodlands_5x15_jagged, nzn_winding_woodlands_5x5_three],
          layout_gridville, uniq_maggie, uniq_gastronok
Temple:   eino_wide_crystal_templ

Skill      XL: |  1  2  3  4  5  6  7  8  9 10 |
---------------+-------------------------------+-----
Maces & Flails | 4 5 6 8 9 11 | 11.4
Fighting       | 3 4 5 |  5.2
Dodging        | 4 5 |  5.0
Throwing       | 3 4 5 6 |  6.7
Armour         | 1 3 6 8 10 | 10.3
Invocations    | 2 4 6 7 |  7.1

Action                   |  1- 3 |  4- 6 |  7- 9 | 10-12 || total
-------------------------+-------+-------+-------+-------++-------
Melee: Flail             |    30 |       |       |       ||    30
       Headbutt          |    12 |    28 |    81 |    29 ||   150
       Mace              |    46 |   181 |   364 |       ||   591
       Punch             |       |     3 |    10 |       ||    13
       Dire flail        |       |       |    26 |   125 ||   151
Throw: Javelin           |     1 |       |       |     1 ||     2
       Boomerang         |     4 |     2 |    32 |    47 ||    85
       Throwing net      |       |       |     2 |       ||     2
       Dart              |       |       |       |     2 ||     2
Invok: Heroism           |       |       |     4 |     3 ||     7
       Finesse           |       |       |       |     2 ||     2
Evoke: Wand              |       |       |       |     3 ||     3
  Use: Scroll            |     2 |     2 |    13 |     1 ||    18
       Potion            |       |     2 |     6 |     2 ||    10
 Stab: Held in net/web   |       |       |     1 |       ||     1
Armor: Leather armour    |    17 |       |       |       ||    17
       Scale mail        |    12 |   173 |    98 |       ||   283
       Chain mail        |       |       |   111 |    31 ||   142
Dodge: Dodged            |    45 |   143 |   212 |    36 ||   436
